Map: 2000 Atmospheres LE

Players

A.I. 1 (Very Easy) - Winner!

  • Race: Zerg Zerg
  • Spawn Location: 7:00

ArT

  • Race: Protoss Protoss
  • Spawn Location: 3:00

VOD

Have the link to the VOD?

Description

Time

  • Played on: July 3, 2022, 5:20 a.m.
  • Length: 7:39
Show
View Real Time Build Order
Export as new Build Order

A.I. 1 (Very Easy) Zerg - Winner!

Build Orders: Pool First 

Get SALT Encoding   

  12  0:01  Drone  
  13  0:12  Overlord  
  13  0:16  Drone  
  14  0:35  Spawning Pool  
  13  0:36  Extractor  
  13  0:39  Drone  
  13  0:47  Drone  
  14  0:53  Overlord  
  14  1:23  Zergling x2, Queen  
  17  1:32  Roach Warren  
  16  1:34  Extractor  
  16  1:39  Drone  
  16  1:46  Drone  
  17  1:48  Zergling x2  
  18  2:04  Drone  
  19  2:12  Drone  
  19  2:13  Zergling x2  
  21  2:21  Drone  
  22  2:29  Overlord  
  22  2:35  Drone  
  23  2:38  Roach  
  23  2:42  Drone  
  26  2:49  Drone  
  27  7:02  Overlord, Drone  
  27  7:08  Hatchery  
  27  7:09  Drone  
  28  7:16  Drone  
  29  7:23  Drone  
Show
View Real Time Build Order
Export as new Build Order

ArT Protoss 

Build Orders: 1 Gate Expand, Oracle Opening, Zealot Archon 

Get SALT Encoding   

  12  0:00  Probe  
  13  0:12  Probe  
  14  0:19  Pylon  
  14  0:24  Probe  
  15  0:37  Probe (Chrono Boost)  
  15  0:38  Gateway  
  16  0:46  Probe (Chrono Boost)  
  16  0:47  Assimilator  
  17  0:51  Probe (Chrono Boost)  
  18  1:03  Probe  
  19  1:15  Probe  
  20  1:24  Nexus  
  20  1:34  Cybernetics Core  
  20  1:37  Probe  
  21  1:44  Assimilator  
  21  1:50  Probe  
  21  1:53  Pylon  
  22  2:02  Probe  
  23  2:08  Adept (Chrono Boost)  
  23  2:14  Probe  
  26  2:16  Stargate  
  26  2:24  Warp Gate  
  26  2:27  Probe (Chrono Boost)  
  27  2:31  Adept  
  27  2:36  Probe (Chrono Boost)  
  31  2:44  Probe (Chrono Boost)  
  31  2:45  Probe (Chrono Boost)  
  31  2:50  Probe x2 (Chrono Boost)  
  34  2:59  Oracle (Chrono Boost)  
  34  3:01  Adept  
  34  3:02  Probe x2  
  41  3:08  Pylon  
  41  3:14  Probe  
  41  3:15  Probe  
  43  3:21  Gateway  
  43  3:26  Probe, Oracle (Chrono Boost)  
  45  3:27  Probe  
  48  3:38  Probe  
  48  3:39  Probe  
  50  3:47  Nexus  
  50  3:54  Probe x2, Pylon  
  52  4:00  Assimilator  
  52  4:02  Assimilator  
  52  4:07  Robotics Facility  
  52  4:08  Probe x2 (Chrono Boost)  
  54  4:20  Probe (Chrono Boost)  
  54  4:21  Forge, Probe (Chrono Boost)  
  54  4:23  Twilight Council  
  56  4:25  Probe (Chrono Boost)  
  56  4:26  Probe (Chrono Boost)  
  56  4:28  Pylon  
  58  4:35  Probe  
  58  4:37  Probe  
  60  4:47  Gateway, Probe  
  60  4:48  Gateway  
  60  4:49  Probe  
  62  4:55  Gateway  
  62  4:58  Immortal (Chrono Boost)  
  62  5:01  Protoss Ground Weapons Level 1 (Chrono Boost)  
  62  5:03  Charge  
  62  5:07  Probe (Chrono Boost)  
  69  5:08  Probe (Chrono Boost)  
  69  5:10  Probe (Chrono Boost)  
  69  5:12  Sentry x2  
  73  5:16  Shield Battery  
  73  5:17  Probe (Chrono Boost)  
  73  5:19  Probe (Chrono Boost)  
  73  5:20  Probe (Chrono Boost)  
  76  5:22  Probe (Chrono Boost)  
  76  5:26  Immortal (Chrono Boost)  
  81  5:30  Probe, Pylon  
  81  5:31  Probe  
  81  5:34  Probe  
  84  5:39  Gateway  
  84  5:41  Gateway  
  84  5:43  Gateway  
  84  5:47  Gateway  
  84  5:50  Templar Archives  
  84  5:56  Warp Prism (Chrono Boost)  
  84  5:57  Probe  
  84  5:58  Probe  
  84  5:59  Probe  
  84  6:02  Assimilator  
  89  6:04  Assimilator  
  89  6:05  Pylon  
  89  6:08  Pylon  
  89  6:14  Probe  
  89  6:15  Pylon  
  90  6:19  Zealot  
  90  6:22  Observer (Chrono Boost), Pylon  
  90  6:23  Probe  
  90  6:25  Zealot x2  
  98  6:32  Probe  
  99  6:34  Pylon  
  99  6:41  High Templar x4  
  99  6:42  Zealot  
  99  6:45  Archon  
  109  6:47  Zealot x3  
  109  6:48  Archon, Pylon  
  115  6:55  Probe  
  116  7:05  Nexus  
  116  7:06  Pylon  
  116  7:08  High Templar x2  
  116  7:09  Zealot x2  
  116  7:12  Archon  
  116  7:13  Zealot x3  
  116  7:14  Zealot  
  132  7:34  Zealot x4, High Templar x2  
  148  7:39  Archon, Pylon  
Tags
 
Add a new tag
Caveats
  • Supply blocks, unpowered buildings, or Contaminate may cause inaccurate times.
  • Supply counts are checked every 10 seconds.